 Dungeon Crawl Stone Soup version 0.32-a0-818-gb728d0252e (webtiles) character file.

Game seed: 14152740224573735561

8626 runemasterragnar the Skirmisher (level 11, -2/84 HPs)
             Began as a Coglin Hunter on Mar 23, 2024.
             Was a High Priest of Okawaru.
             Killed from afar by a gargoyle (18 damage)
             ... with a stone arrow
             ... on level 12 of the Dungeon.
             The game lasted 00:14:41 (10401 turns).

runemasterragnar the Skirmisher (Coglin Hunter)    Turns: 10401, Time: 00:14:42

Health: -2/84      AC: 14    Str: 11    XL:     11   Next: 33%
Magic:  14/14      EV: 15    Int: 10    God:    Okawaru [*****.]
Gold:   403        SH:  0    Dex: 21    Spells: 10/10 levels left

rFire   . . .        h - +2 hand cannon (elec) {Sieglinde}
rCold   . . .        a - +2 sling (freeze) {Astrid}
rNeg    . . .        M - +3 leather armour of the Evening {SInv}
rPois   .            E - +1 helmet
rElec   .            K - scarf {+Inv}
rCorr   .            I - +2 pair of gloves
SInv    +            L - +2 pair of boots
Will    .....        (amulet unavailable)
Stlth   +++          (ring unavailable)
HPRegen 0.34/turn    (ring unavailable)
MPRegen 0.14/turn    (no gizmo)

%: no passive effects
@: slowed, revved, very slow
A: off-hand wielding, slow wielding, warmup strikes, no jewellery
a: Invent Gizmo, Renounce Religion, Evoke Invisibility, Heroism, Finesse, Duel


You were on level 12 of the Dungeon.
You worshipped Okawaru.
Okawaru was extremely pleased with you.
You visited 2 branches of the dungeon, and saw 13 of its levels.
You also visited: Sewer and Ossuary.

You collected 648 gold pieces.
You spent 245 gold pieces at shops.

Inventory:

Hand Weapons
 a - a +2 sling of freezing (offhand) {Astrid}
 d - a +0 sling {Khalidah}
 h - a +2 hand cannon of electrocution (weapon) {Sieglinde}
Armour
 f - a +2 hat
 C - a +2 robe of willpower
 E - a +1 helmet (worn)
 I - a +2 pair of gloves (worn)
 K - a scarf of invisibility (worn)
 L - a +2 pair of boots (worn)
 M - the +3 leather armour of the Evening (worn) {SInv}
   (You bought it in a shop on level 12 of the Dungeon)

   SInv:      It lets you see invisible.
Wands
 k - a wand of light (1)
 w - a wand of flame (30)
 B - a wand of warping (12)
 G - a wand of paralysis (5)
Scrolls
 b - 2 scrolls of butterflies
 g - 7 scrolls of teleportation
 i - 3 scrolls of torment
 j - a scroll of brand weapon
 l - 2 scrolls of fear
 s - a scroll of vulnerability {unknown}
 t - 2 scrolls of amnesia {unknown}
 u - a scroll of silence
 v - 2 scrolls of fog {unknown}
 x - 2 scrolls of blinking {unknown}
 y - 5 scrolls of noise
 D - 2 scrolls of enchant armour
 F - 3 scrolls of poison
Potions
 e - a potion of heal wounds {unknown}
 m - 3 potions of brilliance
 n - a potion of cancellation {unknown}
 o - 2 potions of might {unknown}
 p - 3 potions of resistance {unknown}
 q - 2 potions of invisibility {unknown}
 r - 2 potions of lignification {unknown}
 z - 2 potions of mutation {unknown}
 A - 8 potions of curing
 H - a potion of attraction {unknown}
 J - 2 potions of haste {unknown}
Miscellaneous
 c - a phial of floods


   Skills:
 + Level 7.1 Fighting
 * Level 9.6 Ranged Weapons
 + Level 6.6 Dodging
 + Level 6.0 Stealth
 + Level 4.2 Invocations
 + Level 8.2 Evocations


You had 10 spell levels left.
You didn't know any spells.
Your spell library contained the following spells:

 Spells                   Type           Power      Damage    Failure   Level
 Freeze                   Ice            0%         1d3       45%         1
 Ensorcelled Hibernation  Hex/Ice        0%         N/A       58%         2
 Frozen Ramparts          Ice            0%         1d1       83%         3
 Fugue of the Fallen      Necr           0%         N/A       83%         3
 Hailstorm                Conj/Ice       0%         3d5       83%         3
 Anguish                  Hex/Necr       0%         N/A       99%         4
 Passage of Golubria      Tloc           0%         N/A       99%         4
 Yara's Violent Unravell  Hex/Alch       0%         3d3       100%        5
 Tukima's Dance           Hex            Unusable   N/A       N/A         3

Dungeon Overview and Level Annotations

Branches:
Dungeon (12/15)            Temple (1/1) D:6            Lair (0/5) D:8
    Orc (0/2) D:9           Sewer (visited)         Ossuary (visited)

Altars:
Ashenzari
Cheibriados
Dithmenos
Elyvilon
Fedhas
Gozag
Hepliaklqana
Kikubaaqudgha
Makhleb
Nemelex Xobeh
Okawaru
Qazlal
Ru
Sif Muna
Trog
Uskayaw
Vehumet
Wu Jian
Xom
Zin
The Shining One
Beogh

Shops:
D:4 *   D:10 (   D:12 [


Innate Abilities, Weirdness & Mutations

You can wield a second weapon in your off-hand.
It takes a long time for you to wield or remove held weapons.
Your first few attacks do less damage.
You cannot equip rings or amulets.


Message History

Unknown command.
You shoot a sling bullet. The sling bullet hits the wraith.
The wraith is almost destroyed.
You shoot a slug. The slug closely misses the wraith.
The slug barely misses the gargoyle.
The wraith hits you. The wraith drains your vigour!
You feel as though you will be slow longer.
The wraith hits you.
You shoot a sling bullet.
The sling bullet hits the wraith but does no damage.
The wraith is almost destroyed.
You shoot a slug. The slug hits the wraith!
You destroy the wraith!
Okawaru accepts your kill. The gargoyle hits you with a +0 flail!
You shoot a slug. The slug hits the gargoyle!!
The gargoyle is almost destroyed.
You shoot a sling bullet.
The sling bullet hits the gargoyle but does no damage.
The gargoyle is almost destroyed.
The gargoyle hits you with a +0 flail.
The gargoyle hurls a stone arrow at you.
The stone arrow hits you!
You shoot a slug.
The slug hits the gargoyle but does no damage.
The gargoyle is almost destroyed.
You shoot a sling bullet.
The sling bullet hits the gargoyle but does no damage.
The gargoyle is almost destroyed.
The gargoyle hurls a stone arrow at you.
The stone arrow hits you!!
* * * LOW HITPOINT WARNING * * *
The gargoyle closely misses you.
You shoot a sling bullet.
The sling bullet hits the gargoyle but does no damage.
The gargoyle is almost destroyed.
You shoot a slug. The slug barely misses the gargoyle.
The gargoyle hurls a stone arrow at you.
The stone arrow hits you!!
You die...

...#....# ##........
##......# ........#
###....###..#.......
#........##......
#....##### ..... ###.###
... #...# #.# ###.# #9#
########'## ###@#######
#.........# #..☼°......
#.........# #..........
#.........####..........
#.........#.............
#.........#.##..........
#.........'.##..........
#.........####..........
#....^..<.# ###########


You could see a gargoyle.

Vanquished Creatures
  A boulder beetle (D:7)
  A deep elf pyromancer (D:12)
  A gargoyle (D:10)
  2 unseen horrors (D:11)
  A shadow (D:10)
  A wraith (D:12)
  4 yaks
  4 vampire mosquitoes (D:12)
  4 wyverns
  2 steam dragons
  2 acid dragons
  A water moccasin (D:5)
  2 black bears (D:6)
  7 orc warriors
  A sky beast (D:6)
  An ogre (D:6)
  3 centaurs
  A kobold brigand (D:9)
  A weeping skull (Ossuary)
  2 bullfrogs (D:6)
  3 scorpions
  2 gnoll sergeants
  A burial acolyte (Ossuary)
  5 wights (D:9)
  9 killer bees
  4 howler monkeys
  2 jellies
  10 orc priests
  2 hounds (D:4)
  A sleepcap (D:6)
  Natasha (thrice) (D:4)
  10 iguanas
  8 orc wizards
  A hell rat (Sewer)
  A statue (D:3)
  5 mummies (Ossuary)
  14 gnolls
  8 adders
  3 river rats (Sewer)
  A shadow imp (D:5)
  3 white imps
  4 ufetubi
  A dart slug (D:1)
  4 ribbon worms
  68 orcs
  2 endoplasms
  4 giant cockroaches
  2 gnoll zombies (Ossuary)
  5 goblins
  7 hobgoblins
  6 jackals (D:1)
  9 kobolds
  3 quokkas
  9 ball pythons
  7 bats
  6 frilled lizards
  4 kobold zombies (Ossuary)
  2 orc zombies (Ossuary)
  18 rats
299 creatures vanquished.

Vanquished Creatures (others)
  An orc (D:9)
1 creature vanquished.

Grand Total: 300 creatures vanquished

Notes
Turn   | Place    | Note
-------+----------+-------------------------------------------
     0 | D:1      | runemasterragnar the Coglin Hunter began the quest for the
                  | Orb.
     0 | D:1      | Reached XP level 1. HP: 16/16 MP: 1/1
    77 | D:1      | Reached skill level 1 in Stealth
    78 | D:1      | Reached XP level 2. HP: 19/22 MP: 2/2
   284 | D:1      | Reached XP level 3. HP: 27/27 MP: 3/3
   301 | D:1      | Reached skill level 4 in Ranged Weapons
   968 | D:2      | Reached XP level 4. HP: 32/34 MP: 4/4
  1446 | D:3      | You fall into a shaft and drop 2 floors!
  1446 | D:5      | Entered Level 5 of the Dungeon
  1471 | D:5      | Reached skill level 1 in Evocations
  1471 | D:5      | Reached XP level 5. HP: 23/40 MP: 5/5
  1650 | D:3      | Found a faded altar of an unknown god.
  1709 | D:3      | Found a glowing drain.
  1714 | Sewer    | Entered a sewer
  1762 | Sewer    | Reached XP level 6. HP: 38/47 MP: 6/6
  1909 | D:3      | Found a radiant altar of Vehumet.
  1915 | D:3      | Reached skill level 5 in Ranged Weapons
  2405 | D:4      | Reached XP level 7. HP: 51/52 MP: 7/7
  2501 | D:4      | Found Lewemoan's Assorted Antiques.
  2507 | D:4      | Bought a scroll of identify for 42 gold pieces
  2507 | D:4      | Bought a scroll labelled PITUAJ UXOAWIGG for 21 gold pieces
  2657 | D:4      | Found a snail-covered altar of Cheibriados.
  2726 | D:4      | Noticed Natasha
  2730 | D:4      | Killed Natasha
  2792 | D:4      | Found a white marble altar of Elyvilon.
  3076 | D:4      | Noticed Natasha
  3083 | D:4      | Killed Natasha
  3108 | D:4      | Noticed Natasha
  3111 | D:4      | Killed Natasha
  3157 | D:4      | Found a hide-covered altar of Uskayaw.
  3624 | D:5      | Reached skill level 6 in Ranged Weapons
  3659 | D:5      | Reached XP level 8. HP: 60/60 MP: 8/8
  4093 | D:6      | Found a staircase to the Ecumenical Temple.
  4108 | Temple   | Entered the Ecumenical Temple
  4133 | Temple   | Became a worshipper of Warmaster Okawaru
  4355 | D:6      | Reached skill level 1 in Invocations
  4355 | D:6      | Reached skill level 5 in Evocations
  4484 | D:6      | Reached skill level 7 in Ranged Weapons
  4484 | D:6      | Reached XP level 9. HP: 67/67 MP: 9/9
  4537 | D:6      | Reached * piety under Okawaru
  4978 | D:7      | Reached skill level 5 in Fighting
  4981 | D:7      | Found a sand-covered staircase.
  4988 | Ossuary  | Entered an ossuary
  5392 | D:7      | Reached ** piety under Okawaru
  5393 | D:7      | Reached skill level 5 in Dodging
  5706 | D:7      | Noticed a boulder beetle
  5765 | D:7      | Killed a boulder beetle
  5766 | D:7      | Reached skill level 8 in Ranged Weapons
  5766 | D:7      | Reached XP level 10. HP: 74/76 MP: 10/12
  6112 | D:8      | Reached skill level 5 in Stealth
  6205 | D:8      | Reached *** piety under Okawaru
  6266 | D:8      | Found a roughly hewn altar of Beogh.
  6286 | D:8      | Found a staircase to the Lair.
  6419 | D:8      | Noticed a cyan ugly thing
  6419 | D:8      | Noticed a centaur warrior
  6419 | D:8      | Noticed a deep elf pyromancer
  6419 | D:8      | Noticed a death knight
  6713 | D:9      | Found a staircase to the Orcish Mines.
  6714 | D:9      | Found a roughly hewn altar of Beogh.
  7049 | D:9      | Noticed a moth of wrath
  7054 | D:9      | Found a bloodstained altar of Trog.
  7603 | D:9      | Noticed a brown ugly thing
  7821 | D:9      | Found a glowing golden altar of the Shining One.
  8057 | D:10     | Entered Level 10 of the Dungeon
  8248 | D:10     | Reached **** piety under Okawaru
  8401 | D:10     | Reached skill level 9 in Ranged Weapons
  8525 | D:10     | Noticed a gargoyle
  8552 | D:10     | Killed a gargoyle
  8839 | D:10     | Reached XP level 11. HP: 49/83 MP: 13/13
  8969 | D:10     | Found Kaakejua's Weapon Shop.
  8995 | D:10     | Found a shimmering blue altar of Sif Muna.
  9305 | D:11     | Identified a scroll of acquirement
  9306 | D:11     | Acquired a +2 hand cannon of electrocution
  9492 | D:11     | Reached ***** piety under Okawaru
  9575 | D:11     | Found a shimmering altar of Xom.
 10222 | D:12     | Noticed a deep elf pyromancer
 10237 | D:12     | Killed a deep elf pyromancer
 10237 | D:12     | Received a gift from Okawaru
 10272 | D:12     | Found Assutoux's Antique Armour Boutique.
 10289 | D:12     | Bought an ichor-stained leather armour for 182 gold pieces
 10289 | D:12     | Identified the +3 leather armour of the Evening {SInv} (You
                  | bought it in a shop on level 12 of the Dungeon)
 10401 | D:12     | Killed from afar by a gargoyle

Illustrated notes

Levels and vault maps discovered:
D:1:      evilmike_arrival_crescent, layout_loops_ring
D:2:      layout_basic
D:3:      layout_rooms, vehumet_statue, portal_sewer_entry_e,
          shapermc_ecumenical_altar_mp_vishouse, grunt_ministairs_4
D:4:      layout_basic, mainiacjoe_overflow_alcove_4, mainiacjoe_overflow_swirl,
          serial_shops, shop, grunt_ministairs_15,
          amcnicky_mini_corridor_feature, uniq_natasha
D:5:      layout_gridville, chequers_serial_rivers_small_a, dk_rats_in_the_wall
D:6:      layout_basic, minmay_temple_entry_wispy
D:7:      nicolae_cairo_tiling_large_dashed, layout_loops_cross,
          nicolae_ossuary_entry_monument, minmay_crystal_room, nrook_campfire
D:8:      minmay_the_grid_triangle_9x9_recursive_2
          [minmay_the_grid_triangle_9x9_prize_top_heavy,
          minmay_the_grid_triangle_9x9_longest,
          minmay_the_grid_triangle_9x9_zippers_vertical,
          minmay_the_grid_triangle_9x9_corrupted_corridor], layout_basic,
          lemuel_coloured_pillars_altar, lair_entry_dummy, special_room
          [special_room_orc], kennysheep_generic_room_8
D:9:      layout_loops_ring, mainiacjoe_overflow_chevrons, tgw_trog,
          david_orc_5, lightli_corner_chamber
D:10:     layout_loops_ring, general_overflow_altar, serial_shops,
          nicolae_shop_tiny_statue_garden
D:11:     layout_stronghold, xom_teletrap_fun
D:12:     layout_roguey, serial_shops, nicolae_shop_tiny_real_fake_doors,
          nicolae_shop_bloodbath_and_beyond, nicolae_shop_peninsula,
          uniq_jorgrun
Temple:   nicolae_temple_superstar

Skill      XL: |  1  2  3  4  5  6  7  8  9 10 11 |
---------------+----------------------------------+-----
Stealth        | 1 2 3 4 5 6 |  6.0
Dodging        | 2 3 4 5 6 |  6.6
Ranged Weapons | 4 5 6 7 8 9 |  9.6
Evocations     | 1 2 3 5 6 7 8 |  8.2
Fighting       | 3 4 5 6 7 |  7.1
Invocations    | 1 2 3 4 |  4.2

Action                     |  1- 3 |  4- 6 |  7- 9 | 10-12 || total
---------------------------+-------+-------+-------+-------++-------
   Fire: Sling             |   162 |   300 |   720 |   679 ||  1861
         Hand cannon       |       |       |       |    61 ||    61
  Evoke: Wand              |       |       |    11 |     6 ||    17
    Use: Scroll            |     2 |     2 |     5 |     6 ||    15
         Potion            |       |       |       |     1 ||     1
 Armour: Leather armour    |    34 |    33 |    49 |     9 ||   125
         Robe              |       |       |    17 |   131 ||   148
  Dodge: Dodged            |    20 |    44 |    41 |   135 ||   240

Table legend: (Time is in decaauts)
 A = Elapsed time spent in this place.
 B = Non-inter-level travel time spent in this place.
 C = Inter-level travel time spent in this place.
 D = Time resting spent in this place.
 E = Time spent auto-exploring this place.
 F = Levels seen in this place.
 G = Mean time per level.
                   A        B        C        D        E       F      G
               +--------+--------+--------+--------+--------+-----+--------+
         Total |  10513 |  10091 |    422 |    953 |   7079 |  15 |  700.9 |
       Dungeon |  10105 |   9732 |    373 |    953 |   6896 |  12 |  842.1 |
        Temple |     50 |      1 |     49 |      0 |      0 |   1 |   50.0 |
         Sewer |    139 |    139 |      0 |      0 |     80 |   1 |  139.0 |
       Ossuary |    217 |    217 |      0 |      0 |    103 |   1 |  217.0 |
               +--------+--------+--------+--------+--------+-----+--------+

Top non-repeatable levels by time:
     D:9: 1754 daAuts
     D:6: 1211 daAuts
    D:10: 989 daAuts
     D:4: 903 daAuts
    D:11: 833 daAuts
     D:5: 830 daAuts
     D:2: 809 daAuts
     D:7: 803 daAuts
     D:1: 649 daAuts
     D:3: 570 daAuts
     D:8: 389 daAuts
    D:12: 360 daAuts
 Ossuary: 217 daAuts
   Sewer: 139 daAuts
  Temple: 50 daAuts
